 Dungeon Crawl Stone Soup version 0.29-a0-330-g52719c12eb (webtiles) character file.

Game seed: 1557058398714552575

2063 Armakuni the Destroyer (level 9, 48/48 HPs)
             Began as a Vine Stalker Conjurer on May 5, 2022.
             Quit the game in the Ecumenical Temple on May 15, 2022.
             The game lasted 00:18:25 (8465 turns).

Armakuni the Destroyer (Vine Stalker Conjurer)      Turns: 8465, Time: 00:18:25

Health: 48/48      AC:  5    Str: 10    XL:     9   Next: 25%
Magic:  20/20      EV: 12    Int: 22    God:
Gold:   346        SH:  0    Dex: 13    Spells: 11/22 levels left

rFire   . . .      SeeInvis .   b - staff of cold
rCold   + . .      Faith    .   (no shield)
rNeg    . . .      Spirit   +   a - +0 robe
rPois   .          Reflect  .   l - +2 helmet
rElec   .          Harm     .   (no cloak)
rCorr   +          Rampage  .   (no gloves)
Will    +....                   (no boots)
Stlth   ++........              (no amulet)
HPRegen 0.96/turn               W - ring of wizardry
MPRegen 0.17/turn               K - ring of resist corrosion

@: no status effects
A: fangs 3, regeneration 1, magic shield, antimagic bite, no potion heal 2
a: no special abilities


You were in the Ecumenical Temple.
You visited 2 branches of the dungeon, and saw 7 of its levels.
You also visited: Sewer.

You collected 346 gold pieces.

Inventory:

Hand Weapons
 z - the +2 Maxwell's thermic engine {flame, freeze}
   (You found it on level 6 of the Dungeon)

   It burns those it strikes, dealing additional fire damage.
   Big, fiery blades are also staple armaments of hydra-hunters.
   It freezes those it strikes, dealing additional cold damage.
   It can also slow down cold-blooded creatures.
   It becomes more effective when it hits something.
   This effect fades over time.
Missiles
 k - 21 poisoned darts
Armour
 a - a +0 robe (worn)
 d - a +0 leather armour
 l - a +2 helmet (worn)
Magical Staves
 b - a staff of cold (weapon)
Jewellery
 K - a ring of resist corrosion (right hand)
 L - a ring of flight
 W - a ring of wizardry (left hand)
Wands
 v - a wand of flame (17)
 B - a wand of charming (10)
Scrolls
 c - 2 scrolls of fear
 f - a scroll of fog
 j - a scroll of vulnerability {unknown}
 m - 2 scrolls of noise {unknown}
 o - 2 scrolls of magic mapping {unknown}
 p - 2 scrolls of teleportation {unknown}
 q - 2 scrolls of enchant armour {unknown}
 u - a scroll of immolation {unknown}
 w - a scroll of identify
 y - a scroll of brand weapon {unknown}
Potions
 e - 3 potions of magic
 g - 2 potions of flight
 h - 5 potions of lignification
 i - a potion of berserk rage
 n - 5 potions of curing
 r - a potion of cancellation {unknown}
 s - a potion of might {unknown}
 t - a potion of heal wounds {unknown}
 x - a potion of invisibility {unknown}
 A - a potion of mutation {unknown}


   Skills:
 + Level 6.1 Fighting
 - Level 1.5 Dodging
 - Level 2.4 Stealth
 + Level 7.1 Spellcasting
 + Level 8.0 Conjurations


You had 11 spell levels left.
You knew the following spells:

 Your Spells              Type           Power      Damage    Failure   Level
a - Magic Dart            Conj           100%       1d8       1%          1
m - Iskenderun's Mystic   Conj/Tloc      25%        2d7       6%          4
p - Fulminant Prism       Conj/Hex       12%        3d9       6%          4
z - Searing Ray           Conj           86%        2d7       1%          2

Your spell library contained the following spells:

 Spells                   Type           Power      Damage    Failure   Level
 Dazzling Flash           Conj/Hex       50%        N/A       1%          3


Dungeon Overview and Level Annotations

Branches:
Dungeon (6/15)             Temple (1/1) D:6           Sewer (visited)

Altars:
Ashenzari
Dithmenos
Fedhas
Hepliaklqana
Kikubaaqudgha
Makhleb
Nemelex Xobeh
Qazlal
Ru
Trog
Uskayaw
Vehumet
Wu Jian
Xom
Yredelemnul
Zin
The Shining One

Shops:
D:3 [


Innate Abilities, Weirdness & Mutations

You have razor-sharp teeth.
Your natural rate of healing is unusually fast.
When hurt, damage is shared between your health and your magic reserves.
Your bite disrupts and absorbs the magic of your enemies.
Potions cannot restore your health.


Message History

The searing ray hits Sigmund!
Sigmund is heavily wounded. (Press . to maintain the ray.)
The searing ray hits Sigmund!
You kill Sigmund!
Your Conjurations skill increases to level 8!
A - a glowing emerald potion
Things that are here:
a +5 vorpal scythe; a +0 robe; the human corpse of Sigmund
B - a wand of charming (10) Magic restored.
Found a staircase to the Ecumenical Temple.
There is a staircase to the Ecumenical Temple here.
You climb downwards.
Welcome to the Ecumenical Temple!
Found an ancient bone altar of Kikubaaqudgha.
There is a staircase back to the Dungeon here.
Found an ornate altar of the Wu Jian Council and a blossoming altar of Fedhas.
Found a hazy altar of Hepliaklqana.
Found a shadowy altar of Dithmenos and a radiant altar of Vehumet.
Found a stormy altar of Qazlal.
Key pressed, stopping explore.
Key pressed, stopping explore.
Found a basalt altar of Yredelemnul.
Found a burning altar of Makhleb.
Found a hide-covered altar of Uskayaw.
Found a broken altar of Ashenzari and a shimmering altar of Xom.
Found a bloodstained altar of Trog.
Done exploring.
Done exploring.
Done exploring.
There is a stormy altar of Qazlal here.
There is a hazy altar of Hepliaklqana here.
There is a staircase back to the Dungeon here.
Saving game... please wait.
Welcome back, Armakuni the Vine Stalker Conjurer.
Press ? for a list of commands and other information.
Saving game... please wait.
Welcome back, Armakuni the Vine Stalker Conjurer.
Press ? for a list of commands and other information.
Are you sure you want to abandon this character and quit the game? (Confirm with "yes".)

≈≈≈≈≈≈≈≈≈≈≈≈≈≈≈≈≈≈≈≈≈≈≈≈≈≈≈≈≈≈≈≈≈
≈≈≈≈≈.........................≈≈≈
≈................................
.................8...............
.._............................._
........._..............._.......
.................................
.................................
....._..........@<..........._...
.................................
.................................
........._..............._.......
.._............................._
................._...............
≈................................
≈≈≈≈≈.........................≈≈≈
≈≈≈≈≈≈≈≈≈≈≈≈≈≈≈≈≈≈≈≈≈≈≈≈≈≈≈≈≈≈≈≈≈


There were no monsters in sight!

Vanquished Creatures
  Sigmund (D:6)
  Eustachio (D:4)
  A black bear (D:5)
  2 sky beasts
  A phantom (D:6)
  Blork the orc (D:4)
  5 kobold brigands (Sewer)
  2 necrophages
  A gnoll sergeant (D:6)
  4 scorpions
  2 jellies (D:4)
  3 hounds
  2 orc wizards
  2 iguanas
  4 gnolls (D:6)
  A river rat (Sewer)
  13 adders
  A shadow imp (D:4)
  An ufetubus (D:4)
  6 worms
  A dart slug (D:3)
  14 orcs
  8 ball pythons
  7 bats
  12 endoplasms
  8 giant cockroaches
  8 goblins
  8 hobgoblins
  3 jackals (D:5)
  5 quokkas
  5 frilled lizards
  10 kobolds
  16 rats
159 creatures vanquished.

Notes
Turn   | Place    | Note
-------+----------+-------------------------------------------
     0 | D:1      | Armakuni the Vine Stalker Conjurer began the quest for the
                  | Orb.
     0 | D:1      | Reached XP level 1. HP: 9/9 MP: 4/4
   205 | D:1      | Reached XP level 2. HP: 14/14 MP: 4/6
   208 | D:1      | Learned a level 2 spell: Searing Ray
   498 | D:1      | Reached skill level 1 in Fighting
   503 | D:1      | Found a faded altar of an unknown god.
   885 | D:1      | Reached XP level 3. HP: 17/18 MP: 5/8
  2044 | D:2      | Gained mutation: Your natural rate of healing is unusually
                  | fast. [Vine Stalker growth]
  2044 | D:2      | Reached XP level 4. HP: 22/22 MP: 3/9
  3189 | D:3      | Found Feukk's Armour Shop.
  3243 | D:3      | Found a glowing silver altar of Zin.
  3823 | D:4      | Reached XP level 5. HP: 26/26 MP: 6/11
  3992 | D:4      | Noticed Eustachio
  4001 | D:4      | Killed Eustachio
  4002 | D:4      | Reached skill level 5 in Conjurations
  4002 | D:4      | Reached XP level 6. HP: 32/32 MP: 2/13
  4100 | D:4      | Learned a level 4 spell: Iskenderun's Mystic Blast
  4105 | D:4      | Learned a level 4 spell: Fulminant Prism
  4698 | D:4      | Reached XP level 7. HP: 36/36 MP: 8/14
  4926 | D:4      | Found a sacrificial altar of Ru.
  4974 | D:4      | Found a sparkling altar of Nemelex Xobeh.
  5176 | D:4      | Noticed Blork the orc
  5185 | D:4      | Killed Blork the orc
  5294 | D:5      | Entered Level 5 of the Dungeon
  5301 | D:4      | Reached skill level 6 in Conjurations
  5402 | D:4      | Reached skill level 5 in Spellcasting
  5579 | D:5      | Gained mutation: You have razor-sharp teeth. [Vine Stalker
                  | growth]
  5579 | D:5      | Reached XP level 8. HP: 27/42 MP: 4/17
  5715 | D:5      | Found a shimmering altar of Xom.
  5895 | D:5      | Found a glowing drain.
  5899 | Sewer    | Entered a sewer
  6770 | Sewer    | Reached skill level 5 in Fighting
  6770 | Sewer    | Reached skill level 7 in Conjurations
  7502 | D:5      | Found a shadowy altar of Dithmenos.
  7948 | D:5      | Reached XP level 9. HP: 48/48 MP: 15/20
  8015 | D:6      | Found the +2 Maxwell's thermic engine {flame, freeze}
  8128 | D:6      | Found a glowing golden altar of the Shining One.
  8283 | D:6      | Noticed Sigmund
  8287 | D:6      | Killed Sigmund
  8288 | D:6      | Reached skill level 8 in Conjurations
  8324 | D:6      | Found a staircase to the Ecumenical Temple.
  8332 | Temple   | Entered the Ecumenical Temple
  8465 | Temple   | Quit the game

Illustrated notes

Levels and vault maps discovered:
D:1:      dpeg_arrival_more_subterranean_lakeside_camping, layout_basic,
          dreamdust_ecumenical_altar_angels_and_demons
D:2:      layout_rooms
D:3:      layout_basic, zin_scriptorium, serial_shops, nicolae_lakefront_shop,
          grunt_ministairs_15
D:4:      nicolae_cairo_tiling_large, layout_basic, mainiacjoe_overflow_swirl,
          minmay_misc_feat_plants, uniq_eustachio, uniq_blork_the_orc
D:5:      layout_basic, gup_sewer_entry_spiral, hex_tiny, skrybe_limestone_x,
          hangedman_feature_mirror
D:6:      layout_cave_pools, mainiacjoe_overflow_six_doors_small,
          nicolae_tso_swordbearing_angel, minmay_temple_entry_trees,
          gammafunk_ghost_necromancy, eino_small_chamber_without_monster,
          uniq_sigmund, uniq_duvessa
Temple:   dshaligram_water_room_temple

Skill      XL: |  1  2  3  4  5  6  7  8  9 |
---------------+----------------------------+-----
Fighting       | 1 2 3 4 5 6 |  6.1
Spellcasting   | 3 4 5 6 7 |  7.1
Conjurations   | 5 6 7 8 |  8.0
Dodging        | |  1.5
Stealth        | |  2.4

Action                   |  1- 3 |  4- 6 |  7- 9 || total
-------------------------+-------+-------+-------++-------
Melee: Unarmed           |     4 |       |       ||     4
       Staff             |     5 |     2 |     5 ||    12
       Bite              |       |     1 |     1 ||     2
Throw: Dart              |     2 |     2 |     1 ||     5
 Cast: Magic Dart        |    13 |       |       ||    13
       Searing Ray       |    31 |    46 |    73 ||   150
  Use: Scroll            |       |     5 |       ||     5
Armor: Robe              |    10 |     8 |    14 ||    32
Dodge: Dodged            |    30 |    14 |    48 ||    92

Table legend: (Time is in decaauts)
 A = Elapsed time spent in this place.
 B = Non-inter-level travel time spent in this place.
 C = Inter-level travel time spent in this place.
 D = Time resting spent in this place.
 E = Time spent auto-exploring this place.
 F = Levels seen in this place.
 G = Mean time per level.
                   A        B        C        D        E       F      G
               +--------+--------+--------+--------+--------+-----+--------+
         Total |   8470 |   8322 |    148 |   2180 |   4630 |   8 | 1058.8 |
       Dungeon |   7225 |   7099 |    126 |   2073 |   3726 |   6 | 1204.2 |
        Temple |    132 |    110 |     22 |      0 |    100 |   1 |  132.0 |
         Sewer |   1111 |   1111 |      0 |    107 |    804 |   1 | 1111.0 |
               +--------+--------+--------+--------+--------+-----+--------+

Top non-repeatable levels by time:
     D:1: 1946 daAuts
     D:4: 1623 daAuts
     D:5: 1462 daAuts
   Sewer: 1111 daAuts
     D:3: 1109 daAuts
     D:2: 766 daAuts
     D:6: 317 daAuts
  Temple: 132 daAuts
